 Dungeon Crawl Stone Soup version 0.31-a0-176-g91f28db67f (console) character file.

Game seed: 1628254625235574622

2700 FullyGoyle the Arsonist (level 9, -10/49 HPs)
             Began as a Gargoyle Fire Elementalist on June 18, 2023.
             Was a Follower of Vehumet.
             Mangled by a boulder beetle (27 damage)
             ... on level 8 of the Dungeon on June 19, 2023.
             The game lasted 00:35:35 (9938 turns).

FullyGoyle the Arsonist (GrFE)                      Turns: 9938, Time: 00:35:35

Health: -10/49     AC: 10    Str: 12    XL:     9   Next: 65%
Magic:  5/18       EV: 13    Int: 23    God:    Vehumet [*.....]
Gold:   432        SH:  5    Dex: 15    Spells: 11/21 levels left

rFire   . . .        a - +9 dagger {flame, Fragile rN++ Dex+5}
rCold   . . .        (no shield)
rNeg    + + +        t - +0 robe
rPois   ∞            (helmet restricted)
rElec   +            H - +0 cloak
rCorr   .            d - +0 pair of gloves
SInv    +            (no boots)
Will    +....        n - amulet of reflection
Stlth   +++          u - ring "Puloij" {rPois Will+ Int+3}
HPRegen 0.28/turn    S - ring of see invisible
MPRegen 0.16/turn

%: reflection
@: no status effects
A: sickness immunity, AC +6, negative energy resistance 1, electricity
resistance, torment resistance 1, petrification resistance, antennae 1,
camouflage 1
a: Renounce Religion


You were on level 8 of the Dungeon.
You worshipped Vehumet.
Vehumet was aware of your devotion.
You visited 2 branches of the dungeon, and saw 9 of its levels.
You also visited: Sewer.

You collected 432 gold pieces.

Inventory:

Hand Weapons
 a - the +9 dagger "Lurarul" (weapon) {flame, Fragile rN++ Dex+5}
   (You found it in a sewer)

   Dex:       It affects your dexterity (+5).
   rN:        It greatly protects you from negative energy.
   Fragile:   It will be destroyed if unequipped.
 c - a +2 dagger of electrocution
 x - a +5 dagger
 y - the +3 hand axe of the Burning Butterfly {heavy, rPois Int+3 Dex-5}
   (You found it on level 4 of the Dungeon)

   Int:       It affects your intelligence (+3).
   Dex:       It affects your dexterity (-5).
   rPois:     It protects you from poison.
 D - the +6 dagger of Coyqov {pain, Int+3}
   (You found it on level 5 of the Dungeon)

   Int:       It affects your intelligence (+3).
 I - a +2 dagger of venom
 J - a +2 short sword of venom
Missiles
 g - 3 datura-tipped darts
 j - 5 boomerangs
Armour
 d - a +0 pair of gloves (worn)
 t - a +0 robe (worn)
 H - a +0 cloak (worn)
Jewellery
 n - an amulet of reflection (around neck)
 p - an amulet of faith
 s - a ring of positive energy
 u - the ring "Puloij" (left hand) {rPois Will+ Int+3}
   (You found it in a sewer)

   [ring of willpower]

   Int:       It affects your intelligence (+3).
   rPois:     It protects you from poison.
   Will:      It increases your willpower.
 A - an amulet of guardian spirit
 S - a ring of see invisible (right hand)
Wands
 r - a wand of roots (5)
 v - a wand of flame (8)
Scrolls
 h - a scroll of fear
 i - a scroll of amnesia
 k - a scroll of acquirement
 l - a scroll of teleportation
 w - 2 scrolls of blinking
 B - a scroll of revelation
 F - a scroll of enchant weapon
Potions
 b - a potion of magic
 e - 3 potions of ambrosia
 f - 3 potions of mutation
 m - 2 potions of might
 o - 5 potions of curing {unknown}
 q - 2 potions of brilliance
 z - 2 potions of resistance
 C - a potion of enlightenment
 E - a potion of attraction {unknown}
 G - 2 potions of berserk rage


   Skills:
 * Level 2.9 Fighting
 * Level 2.8 Dodging
 - Level 2.1 Stealth
 + Level 6.5 Spellcasting
 * Level 5.4 Conjurations
 * Level 9.4 Fire Magic


You had 11 spell levels left.
You knew the following spells:

 Your Spells              Type           Power      Damage    Failure   Level
a - Scorch                Fire           100%       2d9       1%          2
b - Volatile Blastmotes   Fire/Tloc      58%        2d14      3%          3
s - Sticky Flame          Conj/Fire      41%        2d6       3%          4
z - Foxfire               Conj/Fire      100%       2x1d9     1%          1

Your spell library contained the following spells:

 Spells                   Type           Power      Damage    Failure   Level
 Inner Flame              Hex/Fire       29%        N/A       3%          3
 Flame Wave               Conj/Fire      41%        2d11      3%          4
 Momentum Strike          Conj/Tloc      38%        3d9       4%          2
 Freeze                   Ice            28%        1d5       9%          1
 Hailstorm                Conj/Ice       19%        3d6       9%          3
 Blink                    Tloc           14%        N/A       12%         2
 Lesser Beckoning         Tloc           14%        N/A       12%         2
 Frozen Ramparts          Ice            14%        1d3       24%         3


Dungeon Overview and Level Annotations

Branches:
Dungeon (8/15)             Temple (1/1) D:5           Sewer (visited)
   Lair: D:8-11

Altars:
Ashenzari
Cheibriados
Dithmenos
Elyvilon
Fedhas
Gozag
Hepliaklqana
Kikubaaqudgha
Makhleb
Nemelex Xobeh
Okawaru
Qazlal
Ru
Sif Muna
Trog
Uskayaw
Vehumet
Wu Jian
Xom
Yredelemnul
Zin
The Shining One

Shops:
D:1 [

Annotations:
D:2 Sigmund
D:8 Maggie


Innate Abilities, Weirdness & Mutations

You are immune to sickness and miasma.
Your stone body is resilient. (AC +6)
You are immune to poison.
You resist negative energy. (rN+)
You are resistant to electric shocks. (rElec)
You are resistant to unholy torment.
You are immune to petrification.
You have a pair of small antennae on your head.
Your skin changes colour to match your surroundings (Stealth+).


Message History

Press: ? - help, Q - select action, (/) - cycle Dir - look around, f - activate Flames lash the boulder beetle.
The boulder beetle is burned terribly!
The boulder beetle is moderately wounded.
Unknown command.
Casting: Scorch (safe; 1% risk of failure)
Press: ? - help, Q - select action, (/) - cycle Dir - look around, f - activate Flames lash the boulder beetle.
The boulder beetle is burned terribly!
The boulder beetle is heavily wounded.
The boulder beetle hits you!!
Ouch! That really hurt!
The boulder beetle stops rolling and uncurls.
Casting: Scorch (safe; 1% risk of failure)
Confirm with . or Enter, or press ? or * to list all spells.
Aiming: Sticky Flame (dangerous; 3% risk of failure)
Press: ? - help, Shift-Dir - straight line, f - boulder beetle
Aim: a boulder beetle (heavily wounded, more vulnerable to fire)
The sticky flame hits the boulder beetle but does no damage.
The boulder beetle is heavily wounded.
The boulder beetle is covered in liquid flames!
The boulder beetle burns!
The boulder beetle closely misses you.
The boulder beetle burns!
The boulder beetle burns!
The boulder beetle burns!
The boulder beetle curls into a ball and begins rolling!
It was a potion of mutation.
You feel extremely strange.
You feel resistant to cold.
You no longer feel cold resistant.
Your skin functions as natural camouflage.
A pair of antennae grows on your head!
The boulder beetle burns!
The boulder beetle stops burning.
Casting: Sticky Flame (dangerous; 3% risk of failure)
Confirm with . or Enter, or press ? or * to list all spells.
Aiming: Sticky Flame (dangerous; 3% risk of failure)
Press: ? - help, Shift-Dir - straight line, f/p - boulder beetle
Aim: a boulder beetle (severely wounded, rolling, more vulnerable to fire)
The sticky flame hits the boulder beetle but does no damage.
The boulder beetle is severely wounded.
The boulder beetle is covered in liquid flames!
The boulder beetle burns!
The boulder beetle hits you!!
Ouch! That really hurt!
You die...

#.#...........#
#.#...........#
##..#.#...........#
....#.#........####
##....#.#........#
#.....#.####.#.#.#
#..B.##.####...#.#
#.... #..........#
#..# #.@######
#.#####B## ###
#.....°.# ..#
######### ..# ..#
..# ###


You could see a boulder beetle (rolling, burning, combustible).

Vanquished Creatures
  A hornet (D:7)
  A wyvern (D:8)
  A steam dragon (D:7)
  A sky beast (D:7)
  2 ice beasts
  A black bear (D:7)
  2 centaurs
  4 phantoms
  A kobold brigand (D:7)
  A necrophage (D:4)
  3 bullfrogs
  3 scorpions
  4 wights (D:4)
  A howler monkey (D:6)
  2 hounds
  A human zombie (D:4)
  A jelly (D:4)
  An orc priest (D:3)
  Jessica (D:3)
  3 iguanas
  A scorpion zombie (D:4)
  2 sleepcaps
  2 orc wizards
  A hound zombie (D:4)
  A mummy (D:4)
  A howler monkey zombie (D:4)
  9 adders
  3 gnolls (D:7)
  A shadow imp (D:5)
  2 adder zombies (D:4)
  A dart slug (D:4)
  25 orcs
  12 ball pythons
  5 bats
  6 endoplasms
  12 giant cockroaches
  6 hobgoblins
  3 quokkas (Sewer)
  15 frilled lizards
  10 goblins
  14 kobolds
  6 rats
173 creatures vanquished.

Vanquished Creatures (others)
  223 foxfires
223 creatures vanquished.

Grand Total: 396 creatures vanquished

Notes
Turn   | Place    | Note
-------+----------+-------------------------------------------
     0 | D:1      | FullyGoyle the Gargoyle Fire Elementalist began the quest
                  | for the Orb.
     0 | D:1      | Reached XP level 1. HP: 10/10 MP: 3/3
   291 | D:1      | Reached XP level 2. HP: 15/15 MP: 5/5
   650 | D:1      | Found Cukezox's Antique Armour Shoppe.
   936 | D:1      | Learned a level 2 spell: Scorch
   969 | D:2      | Reached XP level 3. HP: 19/19 MP: 1/6
  1358 | D:2      | Reached skill level 4 in Fire Magic
  1469 | D:2      | Reached XP level 4. HP: 24/24 MP: 2/7
  1516 | D:2      | Learned a level 3 spell: Volatile Blastmotes
  1880 | D:2      | Noticed Sigmund
  2264 | D:3      | Noticed Jessica
  2266 | D:3      | Killed Jessica
  2509 | D:3      | Reached XP level 5. HP: 28/28 MP: 0/9
  3225 | D:4      | Found a glowing drain.
  3263 | Sewer    | Entered a sewer
  3349 | Sewer    | Reached skill level 5 in Fire Magic
  3756 | Sewer    | Reached XP level 6. HP: 32/32 MP: 8/11
  3905 | Sewer    | Identified the +9 dagger "Lurarul" {flame, Fragile rN++
                  | Dex+5}
  3911 | Sewer    | Identified the ring "Puloij" {rPois Will+ Int+3}
  4343 | D:4      | Reached XP level 7. HP: 35/36 MP: 3/12
  4535 | D:4      | Reached skill level 6 in Fire Magic
  4660 | D:4      | Found an ancient bone altar of Kikubaaqudgha.
  4932 | D:4      | Identified the +3 hand axe of the Burning Butterfly {heavy,
                  | rPois Int+3 Dex-5}
  5763 | D:5      | Entered Level 5 of the Dungeon
  5769 | D:5      | Identified a scroll of acquirement
  5843 | D:5      | Reached skill level 7 in Fire Magic
  5843 | D:5      | Reached XP level 8. HP: 41/41 MP: 8/15
  5848 | D:5      | Learned a level 4 spell: Sticky Flame
  6071 | D:5      | Reached skill level 5 in Spellcasting
  6555 | D:5      | Found a staircase to the Ecumenical Temple.
  6566 | Temple   | Entered the Ecumenical Temple
  6725 | Temple   | Became a worshipper of Vehumet
  6872 | D:5      | Found a burning altar of Makhleb.
  6872 | D:5      | Noticed a green death
  6951 | D:5      | Identified the +6 dagger of Coyqov {pain, Int+3}
  7425 | D:6      | Reached skill level 8 in Fire Magic
  7502 | D:6      | Reached skill level 1 in Fighting
  7696 | D:6      | Found a glowing silver altar of Zin.
  7697 | D:6      | Found a hide-covered altar of Uskayaw.
  8234 | D:7      | Noticed a hornet
  8241 | D:7      | Killed a hornet
  8242 | D:7      | Reached XP level 9. HP: 48/48 MP: 9/17
  8344 | D:7      | Reached skill level 5 in Conjurations
  8531 | D:7      | Reached * piety under Vehumet
  8531 | D:7      | Offered knowledge of Freeze by Vehumet.
  8716 | D:7      | Reached skill level 9 in Fire Magic
  9404 | D:8      | Noticed Maggie
  9925 | D:8      | Noticed a boulder beetle
  9937 | D:8      | Gained mutation: Your flesh is cold resistant. (rC+)
                  | [potion of mutation]
  9937 | D:8      | Lost mutation: Your flesh is cold resistant. (rC+) [potion
                  | of mutation]
  9937 | D:8      | Gained mutation: Your skin changes colour to match your
                  | surroundings (Stealth+). [potion of mutation]
  9937 | D:8      | Gained mutation: You have a pair of small antennae on your
                  | head. [potion of mutation]
  9938 | D:8      | Mangled by a boulder beetle

Illustrated notes

Levels and vault maps discovered:
D:1:      minmay_arrival_checkered_box, layout_basic, serial_shops, shop,
          chequers_hall_statues_corner_a
D:2:      layout_basic, uniq_sigmund
D:3:      layout_loops_corners, uniq_jessica
D:4:      layout_loops_corners, lemuel_mausoleum_altar_kikubaaqudgha,
          portal_sewer_entry_d
D:5:      layout_basic, makhleb_altar_promises_db, minmay_temple_entry_mist,
          dreamdust_princess_bridge
D:6:      layout_loops_ring, gammafunk_temple_overflow_pools
D:7:      layout_basic
D:8:      minmay_opposing_rooms, layout_basic, uniq_maggie
Temple:   regret_index_temple_chain_breaker

Skill      XL: |  1  2  3  4  5  6  7  8  9 |
---------------+----------------------------+-----
Conjurations   | 2 3 4 5 |  5.4
Fire Magic     | 4 5 7 8 9 |  9.4
Spellcasting   | 3 4 5 6 |  6.5
Fighting       | 1 2 |  2.9
Dodging        | 2 |  2.8
Stealth        | |  2.1

Action                     |  1- 3 |  4- 6 |  7- 9 || total
---------------------------+-------+-------+-------++-------
  Melee: Dagger            |    35 |    47 |    36 ||   118
         Unarmed           |     6 |       |       ||     6
         Punch             |       |       |     1 ||     1
   Cast: Foxfire           |    18 |    36 |    72 ||   126
         Scorch            |    16 |    46 |    93 ||   155
         Sticky Flame      |       |       |     6 ||     6
    Use: Scroll            |       |     1 |    13 ||    14
         Potion            |       |       |     1 ||     1
   Stab: Sleeping          |       |       |     1 ||     1
 Armour: Robe              |    14 |     9 |    17 ||    40
  Dodge: Dodged            |    26 |    33 |    27 ||    86
  Block: Other             |       |    15 |    13 ||    28
         Reflection        |       |       |     2 ||     2

Table legend: (Time is in decaauts)
 A = Elapsed time spent in this place.
 B = Non-inter-level travel time spent in this place.
 C = Inter-level travel time spent in this place.
 D = Time resting spent in this place.
 E = Time spent auto-exploring this place.
 F = Levels seen in this place.
 G = Mean time per level.
                   A        B        C        D        E       F      G
               +--------+--------+--------+--------+--------+-----+--------+
         Total |  10039 |   9393 |    646 |   1587 |   5799 |  10 | 1003.9 |
       Dungeon |   8920 |   8291 |    629 |   1234 |   5365 |   8 | 1115.0 |
        Temple |    171 |    154 |     17 |      0 |    136 |   1 |  171.0 |
         Sewer |    947 |    947 |      0 |    353 |    297 |   1 |  947.0 |
               +--------+--------+--------+--------+--------+-----+--------+

Top non-repeatable levels by time:
     D:4: 1850 daAuts
     D:7: 1287 daAuts
     D:3: 1138 daAuts
     D:5: 1095 daAuts
     D:2: 1000 daAuts
     D:1: 997 daAuts
     D:6: 961 daAuts
   Sewer: 947 daAuts
     D:8: 589 daAuts
  Temple: 171 daAuts
